 Dungeon Crawl Stone Soup version 0.22-a0-877-g5c4e1af (webtiles) character file.

103 prawnwizard the Slasher (level 4, -1/34 HPs)
             Began as a Demonspawn Gladiator on July 29, 2018.
             Slain by an orc (2 damage)
             ... on level 2 of the Dungeon.
             The game lasted 00:01:54 (1002 turns).

prawnwizard the Slasher (Demonspawn Gladiator)      Turns: 1002, Time: 00:01:54

Health: -1/34      AC:  9    Str: 17    XL:     4   Next: 51%
Magic:  4/4        EV:  8    Int: 10    God:
Gold:   68         SH:  0    Dex: 19    Spells: 3/3 levels left

rFire    . . .     SeeInvis .   a - +0 long sword
rCold    . . .     Gourm    .   (no shield)
rNeg     . . .     Faith    .   s - +0 chain mail
rPois    .         Spirit   .   c - +0 helmet
rElec    .         Reflect  .   (no cloak)
rCorr    .         Harm     .   (no gloves)
MR       .....                  (no boots)
Stlth    ..........             (no amulet)
HPRegen  0.11/turn              h - +2 ring of strength
MPRegen  0.09/turn              t - +5 ring of dexterity

@: no status effects
A: powered by death 1
a: no special abilities


You were on level 2 of the Dungeon.
You were not hungry.

You visited 1 branch of the dungeon, and saw 2 of its levels.

You collected 68 gold pieces.

Inventory:

Hand Weapons
 a - a +0 long sword (weapon)
Missiles
 d - 3 throwing nets (quivered)
Armour
 b - a +0 leather armour
 c - a +0 helmet (worn)
 s - a +0 chain mail (worn)
Jewellery
 h - a +2 ring of strength (left hand)
 t - a +5 ring of dexterity (right hand)
Scrolls
 j - a scroll of teleportation {unknown}
 k - a scroll of remove curse {unknown}
 m - a scroll of identify {unknown}
 n - a scroll of immolation {unknown}
 o - a scroll of amnesia {unknown}
 q - a scroll of enchant armour {unknown}
Potions
 e - a potion of resistance {unknown}
 g - 2 potions of curing {unknown}
 l - 2 potions of ambrosia {unknown}
 p - a potion of berserk rage {unknown}
 r - a potion of lignification {unknown}
Comestibles
 f - 4 rations
 i - 4 chunks of flesh


   Skills:
 + Level 2.9 Fighting
 * Level 3.9 Long Blades
 - Level 1.7 Throwing
 + Level 3.3 Dodging


You had 3 spell levels left.
You didn't know any spells.
Your spell library was empty.

Dungeon Overview and Level Annotations

Branches:
Dungeon (2/15)

Altars:


Innate Abilities, Weirdness & Mutations

You regenerate a little health from kills.


Message History

The orc hits you but does no damage. The orc barely misses you.
The orc hits you but does no damage. x2; The orc priest hits you.
* * * LOW HITPOINT WARNING * * *
The orc splashes around in the water.
Unknown command.
You hit the orc priest.
You kill the orc priest!
The orc hits you but does no damage. x4
Unknown command.
You barely miss the orc. The orc hits you but does no damage.
The orc barely misses you. x2; The orc hits you.
* * * LOW HITPOINT WARNING * * *
The orc hits you with a club.
* * * LOW HITPOINT WARNING * * *
The orc hits you but does no damage. x2
Unknown command.
You hit the orc.
The orc is almost dead.
The orc hits you but does no damage. x2; The orc hits you.
You die...

#.......#......#
#.......#.......
#...(...##.##### .#
##......##.##### ...###
#..............
##....####..............
........................
#.....oo#...###.........
#.≈...o@#...###.........
#.....oo#.....#.........
#.......#.....#.........
#.......#.....#.........
#.≈...≈.#.....###....###
#.......#.....# #....#
##.....##.....# ######
##$⌠$# #..>... ..######


You could see 5 orcs.

Vanquished Creatures
  An orc priest (D:2)
  An adder (D:2)
  2 oozes
  A worm (D:2)
  A dart slug (D:1)
  3 leopard geckos
  A ball python (D:1)
  4 giant cockroaches
  8 goblins
  5 hobgoblins
  3 jackals (D:1)
  A kobold (D:1)
  4 bats (D:1)
  4 frilled lizards (D:1)
  9 rats
48 creatures vanquished.

Notes
Turn   | Place    | Note
-------+----------+-------------------------------------------
     0 | D:1      | prawnwizard the Demonspawn Gladiator began the quest for the Orb.
     0 | D:1      | Reached XP level 1. HP: 16/16 MP: 1/1
    64 | D:1      | Gained mutation: You regenerate a little health from kills. [demonic ancestry]
    64 | D:1      | Reached XP level 2. HP: 7/22 MP: 2/2
   512 | D:1      | Reached XP level 3. HP: 24/28 MP: 3/3
   814 | D:2      | Reached XP level 4. HP: 20/34 MP: 4/4
  1001 | D:2      | HP: 1/34 [orc/club (1)]
  1002 | D:2      | Slain by an orc

Vault maps used:
D:1:      eino_arrival_water_star
D:2:      cheibrodos_pilgrimage

Skill      XL: |  1  2 |
---------------+-------+-----
Long Blades    | 3 |  3.9
Dodging        | 3 |  3.3
Fighting       | |  2.9
Throwing       | |  1.7

Action                   |  1- 3 |  4- 6 || total
-------------------------+-------+-------++-------
Melee: Long sword        |    93 |    28 ||   121
  Eat: Chunk             |       |     1 ||     1
Armor: Leather armour    |    32 |     1 ||    33
       Chain mail        |       |    42 ||    42
Dodge: Dodged            |    86 |    37 ||   123
       Rpst.: Long sword |    35 |    10 ||    45

Table legend:
 A = Spawn XP
 B = Non-spawn XP
 C = Spawn XP percentage of total XP
 D = Spawn monster count
 E = Non-spawn monster count
 F = Spawn count percentage of total count
 G = Total turns spent on level
                    A         B        C        D         E        F      G
               +---------+---------+-------+---------+---------+-------+---------
         Total |       0 |     148 |   0.0 |       0 |      48 |   0.0 |  1002
               +---------+---------+-------+---------+---------+-------+---------
           D:1 |       0 |      62 |   0.0 |       0 |      33 |   0.0 |   705
           D:2 |       0 |      86 |   0.0 |       0 |      15 |   0.0 |   297
               +---------+---------+-------+---------+---------+-------+---------
